 Dungeon Crawl Stone Soup version 0.30.1-4-g462c640d31 (webtiles) character file.

Game seed: 13296896403134938727

517 HagarQim the Magician (level 7, -3/35 (36) HPs)
             Began as a Deep Elf Hedge Wizard on Aug 18, 2023.
             Killed from afar by Blork the orc (9 damage)
             ... with a puff of flame
             ... on level 5 of the Dungeon.
             The game lasted 00:18:27 (5107 turns).

HagarQim the Magician (Deep Elf Hedge Wizard)       Turns: 5107, Time: 00:18:28

HP:   -3/35 (36)    AC:  4    Str:  7    XL:     7   Next: 0%
MP:   14/20         EV: 13    Int: 27    God:
Gold: 260           SH:  5    Dex: 14    Spells: 15/21 levels left

rFire   . . .        B - +2 hand axe (elec)
rCold   + . .        (no shield)
rNeg    . . .        b - +0 robe
rPois   .            q - +0 helmet
rElec   .            D - +0 cloak
rCorr   .            (no gloves)
SInv    .            (no boots)
Will    .....        x - amulet of reflection
Stlth   ++           h - +6 ring of intelligence
HPRegen 0.00/turn    m - ring of protection from cold
MPRegen 0.17/turn

%: reflection
@: about to teleport, weak-willed, on blink cooldown, inhibited regen, lightly
drained, unable to read, unable to drink
A: inhibited regeneration, evolution 1, inability to drink after injury 1,
inability to read after injury 1
a: no special abilities


You were on level 5 of the Dungeon.
You visited 1 branch of the dungeon, and saw 5 of its levels.

You collected 260 gold pieces.

Inventory:

Hand Weapons
 B - a +2 hand axe of electrocution (weapon)
 E - the +5 dagger "Demonbane" {antimagic, rC+ Int+3}
   (You found it on level 5 of the Dungeon)

   Int:       It affects your intelligence (+3).
   rC:        It protects you from cold.
Missiles
 e - 16 poisoned darts
 n - a throwing net
Armour
 b - a +0 robe (worn)
 c - a +0 hat
 q - a +0 helmet (worn)
 z - an orb of energy
 D - a +0 cloak (worn)
Jewellery
 h - a +6 ring of intelligence (left hand)
 m - a ring of protection from cold (right hand)
 x - an amulet of reflection (around neck)
 A - an amulet of the acrobat
Scrolls
 i - a scroll of identify
 j - a scroll of enchant armour {unknown}
 o - a scroll of immolation
 s - a scroll of fog {unknown}
 u - a scroll of teleportation
 y - a scroll of summoning {unknown}
Potions
 a - 3 potions of brilliance
 d - 2 potions of magic
 g - 2 potions of attraction {unknown}
 l - a potion of mutation
 p - a potion of curing {unknown}
 r - 3 potions of ambrosia {unknown}
 t - 2 potions of heal wounds {unknown}
 v - 3 potions of flight {unknown}
 w - a potion of degeneration {unknown}
 C - 2 potions of resistance {unknown}


   Skills:
 + Level 0.1 Fighting
 + Level 0.9 Axes
 + Level 4.5 Dodging
 + Level 2.8 Stealth
 + Level 0.3 Shields
 + Level 7.9 Spellcasting
 + Level 3.9 Conjurations
 + Level 1.3 Summonings
 + Level 1.1 Translocations


You had 15 spell levels left.
You knew the following spells:

 Your Spells              Type           Power      Damage    Failure   Level
a - Magic Dart            Conj           100%       1d8       1%          1
b - Blink                 Tloc           32%        N/A       4%          2
c - Kiss of Death         Conj/Necr      84%        2d11      2%          1
d - Call Imp              Summ           34%        N/A       4%          2

Your spell library contained the following spells:

 Spells                   Type           Power      Damage    Failure   Level
 Beastly Appendage        Tmut           20%        N/A       5%          1
 Slow                     Hex            40%        N/A       5%          1
 Cigotuvi's Dreadful Rot  Necr/Pois/Air  20%        N/A       9%          2
 Wereblood                Tmut           10%        N/A       9%          2
 Mephitic Cloud           Conj/Pois/Air  17%        N/A       10%         3
 Confusing Touch          Hex            10%        N/A       16%         3
 Spider Form              Tmut/Pois      10%        N/A       16%         3
 Dispel Undead            Necr           10%        3d9       47%         4


Dungeon Overview and Level Annotations

Branches:
Dungeon (5/15)
 Temple: D:4-7

Altars:
Cheibriados
Fedhas
Nemelex Xobeh
Okawaru
Ru
The Shining One

Shops:
D:2 [([[!

Annotations:
D:5 Blork the orc


Innate Abilities, Weirdness & Mutations

You do not regenerate when monsters are visible.
You have hidden genetic potential.
You occasionally lose the ability to drink potions when taking damage.
You occasionally lose the ability to read scrolls when taking damage.


Message History

Your regeneration stops near monsters.
You occasionally lose the ability to drink potions when taking damage.
You feel a hidden potential growing inside you.
Blork the orc screams, "I'll make a cloak from your skin!"
Blork the orc hits you with a +0 battleaxe!
You feel threatened and lose the ability to read scrolls!
You feel threatened and lose the ability to drink potions!
* * * LOW HITPOINT WARNING * * *
You cannot drink potions in your current state!
Blork the orc is nearby!
You cannot read scrolls in your current state!
You cannot drink potions in your current state!
Casting: Magic Dart (safe; 1% risk of failure)
Confirm with . or Enter, or press ? or * to list all spells.
You blink.
You can read scrolls again.
Casting: Blink (safe; 4% risk of failure)
Confirm with . or Enter, or press ? or * to list all spells.
Okay, then.
As you read the scroll labelled VISCHA WIUXIRGH, it crumbles to dust.
It is a scroll of identify.
o - a scroll of immolation Blork the orc barely misses you.
Okay, then.
As you read the scroll labelled HINASS CUYROTA, it crumbles to dust.
Magic quickly surges around you.
It was a scroll of vulnerability.
Blork the orc barely misses you.
As you read the scroll labelled JOLADUX PYVUL, it crumbles to dust.
You feel strangely unstable.
It was a scroll of teleportation.
You can drink potions again.
Blork the orc seems less brilliant.
Blork the orc barely misses you.
Blink to where?
Press: ? - help, Dir - move target, p - Blork the orc
As you read the scroll labelled CENURA YZUAMI, it crumbles to dust.
It was a scroll of blinking.
Blork the orc points at you and mumbles some strange words.
The puff of flame hits you!
You feel threatened and lose the ability to read scrolls!
You feel threatened and lose the ability to drink potions!
You die...

......................
......................
....###.......#.......
.. ##...............
###...##...........
.##..)..##....#......
.............#.####....#
...[..######.#######...#
.##...#.........@.# #..
#.####.####.# ....
#.......#.# . ##..
#.##.##.#.# ..# #..
.#.#.#...#.#ยง###.$..#
......._....o.......#
.#.#.#...#.#.#.......
#.##.##.#.##......
#.......#.# #.....


You could see Blork the orc (weak-willed).

Vanquished Creatures
  An ogre (D:5)
  A phantom (D:4)
  A howler monkey (D:4)
  A crimson imp (D:4)
  2 gnoll boudas (D:4)
  An iguana (D:4)
  8 gnolls (D:4)
  3 adders
  2 white imps
  2 worms
  3 dart slugs
  3 orcs (D:3)
  9 ball pythons
  4 bats
  4 endoplasms
  A giant cockroach (D:4)
  6 goblins
  6 hobgoblins
  9 kobolds
  5 quokkas
  5 frilled lizards
  5 rats
82 creatures vanquished.

Vanquished Creatures (collateral kills)
  A quokka (D:1)
1 creature vanquished.

Grand Total: 83 creatures vanquished

Notes
Turn   | Place    | Note
-------+----------+-------------------------------------------
     0 | D:1      | HagarQim the Deep Elf Hedge Wizard began the quest for the
                  | Orb.
     0 | D:1      | Reached XP level 1. HP: 10/10 MP: 7/7
   271 | D:1      | Reached skill level 5 in Spellcasting
   271 | D:1      | Reached XP level 2. HP: 15/15 MP: 3/10
   611 | D:1      | Learned a level 2 spell: Blink
   613 | D:1      | Learned a level 1 spell: Kiss of Death
   616 | D:1      | Learned a level 2 spell: Call Imp
  1089 | D:1      | Reached XP level 3. HP: 17/17 MP: 7/11
  1680 | D:2      | Found Enkual Siure's Antique Armour Emporium.
  1760 | D:2      | Found Foplouh's Antique Weapon Emporium.
  1852 | D:2      | Found Liagg's Distillery.
  2003 | D:2      | Found Xeaxeos's Antique Armour Emporium.
  2003 | D:2      | Found Humuol's Armour Emporium.
  2423 | D:3      | Reached XP level 4. HP: 8/21 MP: 8/13
  2558 | D:3      | Found a blossoming altar of Fedhas.
  2841 | D:3      | Reached skill level 6 in Spellcasting
  3186 | D:3      | Found a glowing golden altar of the Shining One.
  3186 | D:3      | Found a sparkling altar of Nemelex Xobeh.
  3284 | D:3      | Found a faded altar of an unknown god.
  3334 | D:3      | Found an iron altar of Okawaru.
  3781 | D:4      | Reached XP level 5. HP: 27/28 MP: 9/15
  3872 | D:4      | Found a snail-covered altar of Cheibriados.
  3940 | D:4      | HP: 1/42 [iguana (9)]
  4105 | D:4      | Reached skill level 7 in Spellcasting
  4230 | D:4      | Reached XP level 6. HP: 32/32 MP: 13/18
  4892 | D:5      | Entered Level 5 of the Dungeon
  4930 | D:5      | Identified the +5 dagger "Demonbane" {antimagic, rC+ Int+3}
  5024 | D:5      | Reached XP level 7. HP: 30/35 MP: 13/20
  5064 | D:5      | Found a sacrificial altar of Ru.
  5087 | D:5      | Noticed Blork the orc
  5100 | D:5      | Gained mutation: You are frail. (-10% HP) [potion of
                  | mutation]
  5100 | D:5      | Gained mutation: You occasionally lose the ability to drink
                  | potions when taking damage. [potion of mutation]
  5100 | D:5      | Gained mutation: Your spells are a little harder to cast,
                  | but a little more powerful. [potion of mutation]
  5101 | D:5      | Lost mutation: You are frail. (-10% HP) [potion of
                  | mutation]
  5101 | D:5      | Lost mutation: Your spells are a little harder to cast, but
                  | a little more powerful. [potion of mutation]
  5101 | D:5      | Gained mutation: Your magical capacity is low. (-10% MP)
                  | [potion of mutation]
  5101 | D:5      | Gained mutation: You have sharp toenails. [potion of
                  | mutation]
  5102 | D:5      | Lost mutation: You have sharp toenails. [potion of
                  | mutation]
  5102 | D:5      | Lost mutation: You occasionally lose the ability to drink
                  | potions when taking damage. [potion of mutation]
  5102 | D:5      | Lost mutation: Your magical capacity is low. (-10% MP)
                  | [potion of mutation]
  5102 | D:5      | Gained mutation: You occasionally lose the ability to read
                  | scrolls when taking damage. [potion of mutation]
  5102 | D:5      | Gained mutation: You do not regenerate when monsters are
                  | visible. [potion of mutation]
  5102 | D:5      | Gained mutation: You occasionally lose the ability to drink
                  | potions when taking damage. [potion of mutation]
  5102 | D:5      | Gained mutation: You have hidden genetic potential. [potion
                  | of mutation]
  5107 | D:5      | Killed from afar by Blork the orc

Illustrated notes

Levels and vault maps discovered:
D:1:      dpeg_arrival_houses_and_road, layout_loops_corners, st_stairs_1,
          minmay_tetromino_i2
D:2:      layout_loops_cross, serial_shops, nicolae_shop_hallway_stairs, shop,
          nicolae_shop_pleasant_corner_grove, nicolae_shop_back_alley_shop, shop
D:3:      minmay_wonky_spiral, layout_loops_ring, overflow_temple_1_default,
          mainiacjoe_overflow_paths, nicolae_overflow_two_pavilions,
          serial_aquarium, aquarium_bridge_straight [aquarium_subvault_bridge,
          aquarium_subvault_window, aquarium_subvault_bridge,
          aquarium_subvault_wall], aquarium_bridge_square
          [aquarium_subvault_wall, aquarium_subvault_bridge,
          aquarium_subvault_window, aquarium_subvault_window],
          aquarium_window_2, aquarium_window_1, aquarium_window_2,
          aquarium_window_corner, aquarium_view_2e, aquarium_view_2e,
          aquarium_balcony_5b, aquarium_pool_2,
          hellmonk_ecumenical_altar_prayer_group,
          wander_ebering_terrifying_dragon_lair
D:4:      layout_basic, general_overflow_altar, minmay_fire_ice_demons
D:5:      layout_cave_pools, zin_scriptorium, nicolae_ru_sacrificial_ziggurat,
          minmay_temple_entry_proselytizer, serial_bayou, serial_bayou_pond_b,
          serial_bayou_shore_b, serial_bayou_crossing, serial_bayou_lagoon_b,
          minmay_misc_feat_enclosed, uniq_blork_the_orc

Skill      XL: |  1  2  3  4  5  6 |
---------------+-------------------+-----
Spellcasting   | 5 6 7 |  7.9
Conjurations   | 2 3 |  3.9
Dodging        | 3 4 |  4.5
Fighting       | |  0.1
Axes           | |  0.9
Stealth        | |  2.8
Shields        | |  0.3
Summonings     | |  1.3
Translocations | |  1.1

Action                     |  1- 3 |  4- 6 |  7- 9 || total
---------------------------+-------+-------+-------++-------
  Melee: Dagger            |    10 |    11 |       ||    21
         Hand axe          |       |    23 |       ||    23
   Cast: Magic Dart        |    90 |   105 |     7 ||   202
         Kiss of Death     |     3 |     1 |       ||     4
         Call Imp          |     2 |       |       ||     2
         Blink             |       |     1 |     1 ||     2
    Use: Potion            |       |     1 |     3 ||     4
         Scroll            |       |       |     4 ||     4
   Stab: Distracted        |     1 |       |       ||     1
 Armour: Robe              |     6 |     3 |       ||     9
         Skin              |       |    17 |       ||    17
  Dodge: Dodged            |    15 |    19 |     4 ||    38
  Block: Other             |       |    11 |     1 ||    12
